 Dungeon Crawl Stone Soup version 0.30-a0-234-g97d66968fd (webtiles) character file.

Game seed: 17068922977996265422

96538 qw the Peltast (level 16, 0/101 HPs)
             Began as a Gargoyle Fighter on Oct 9, 2022.
             Was a High Priest of Okawaru.
             Killed by divine providence
             ... invoked by Saint Roka
              (12 damage)
             ... on level 2 of the Orcish Mines.
             The game lasted 00:10:11 (24404 turns).

qw the Peltast (Gargoyle Fighter)                  Turns: 24404, Time: 00:10:12

Health: 0/101      AC: 41    Str: 25    XL:     16   Next: 17%
Magic:  20/23      EV: 15    Int: 12    God:    Okawaru [*****.]
Gold:   1372       SH: 20    Dex:  9    Spells: 15/15 levels left

rFire   + . .      SeeInvis .    D - +3 broad axe (vorpal)
rCold   . . .      Faith    .    m - +0 tower shield
rNeg    + . .      Spirit   .    C - +9 scale mail "Japorchu" {-Cast rPois rF+ Will+++ Stlth+}
rPois   inf        Reflect  .    s - +1 helmet
rElec   +          Harm     .    h - +0 cloak
rCorr   .          Rampage  .    (no gloves)
Will    ++++.      NoCast   +    k - +0 pair of boots
Stlth   ++........               u - amulet of the acrobat
HPRegen 0.36/turn                c - +4 ring of protection
MPRegen 0.18/turn                w - +4 ring of evasion

@: heroic, finesse-ful, flying
A: sickness immunity, AC +12, big wings, negative energy resistance 1,
electricity resistance, torment resistance 1, petrification resistance
a: Renounce Religion, Heroism, Finesse, Duel


You were on level 2 of the Orcish Mines.
You worshipped Okawaru.
Okawaru was extremely pleased with you.
You visited 4 branches of the dungeon, and saw 23 of its levels.

You collected 1711 gold pieces.
You spent 339 gold pieces at shops.


Innate Abilities, Weirdness & Mutations

You are immune to sickness and miasma.
Your stone body is resilient. (AC +12)
You are immune to poison.
Your large and strong wings let you fly.
You resist negative energy. (rN+)
You are resistant to electric shocks. (rElec)
You are resistant to unholy torment.
You are immune to petrification.


   Skills:
 - Level 12.0(17.0) Fighting
 + Level 15.7(20.7) Axes
 - Level 6.0(11.0) Throwing
 - Level 10.0(15.0) Armour
 - Level 3.1(8.1) Dodging
 - Level 16.3(21.3) Shields
 - Level 10.1 Invocations


You had 15 spell levels left.
You didn't know any spells.
Your spell library was empty.

Inventory:

Hand Weapons
 r - a +0 morningstar
 D - a +3 vorpal broad axe (weapon)
Missiles
 l - 19 boomerangs
 y - 4 javelins (quivered)
Armour
 h - a +0 cloak (worn)
 k - a +0 pair of boots (worn)
 m - a +0 tower shield (worn)
 q - a +4 plate armour of fire resistance
 s - a +1 helmet (worn)
 v - the +1 plate armour of Experimentation {+Inv rPois rCorr Str-3}
   (Okawaru gifted it to you on level 2 of the Lair of Beasts)

   Str:       It affects your strength (-3).
   rPois:     It protects you from poison.
   +Inv:      It lets you turn invisible.
   rCorr:     It protects you from acid and corrosion.
 A - the +2 pair of gloves of Polish {Harm rC+ Dex-5}
   (Okawaru gifted it to you on level 5 of the Lair of Beasts)

   Dex:       It affects your dexterity (-5).
   rC:        It protects you from cold.
   Harm:      It increases damage dealt and taken.
 B - a +2 plate armour of cold resistance
 C - the +9 scale mail "Japorchu" (worn) {-Cast rPois rF+ Will+++ Stlth+}
   (Okawaru gifted it to you on level 13 of the Dungeon)

   rF:        It protects you from fire.
   rPois:     It protects you from poison.
   -Cast:     It prevents spellcasting.
   Will:      It greatly increases your willpower.
   Stlth:     It makes you more stealthy.
Jewellery
 c - a +4 ring of protection (left hand)
 j - a ring of ice
 t - a ring of protection from fire
 u - an amulet of the acrobat (around neck)
 w - a +4 ring of evasion (right hand)
Scrolls
 i - 9 scrolls of identify
 p - a scroll of teleportation
Potions
 a - 7 potions of heal wounds
 b - a potion of magic
 d - 7 potions of might
 e - 4 potions of curing
 f - a potion of lignification
 g - 5 potions of attraction
 n - 3 potions of cancellation
 o - 3 potions of mutation
 x - a potion of resistance
 z - a potion of haste

Dungeon Overview and Level Annotations

Branches:
Dungeon (15/15)            Temple (1/1) D:4            Lair (5/5) D:11
 Shoals (0/4) Lair:3        Snake (0/4) Lair:2        Slime (0/5) Lair:4
    Orc (2/2) D:11            Elf (0/3) Orc:2        Vaults (0/5) D:13
 Depths (0/4) D:15

Altars:
Ashenzari
Cheibriados
Dithmenos
Elyvilon
Fedhas
Gozag
Hepliaklqana
Kikubaaqudgha
Makhleb
Nemelex Xobeh
Okawaru
Qazlal
Ru
Sif Muna
Trog
Uskayaw
Vehumet
Wu Jian
Xom
Yredelemnul
Zin
The Shining One
Jiyva
Lugonu

Shops:
D:1 ?:   D:3 :   D:4 ([   D:7 *   D:9 ?

Portals:
Abyss: D:15 Lair:5

Annotations:
D:5 1 runed translucent door, Crazy Yiuf
D:7 3 runed translucent doors, qw's ghost, novice GrFi
D:13 3 runed translucent doors, Iplucs's ghost, journeyman FeBe
D:15 2 transporters, Uwkoecio's ghost, journeyman HOFi
Lair:5 1 runed translucent door, qw's ghost, journeyman GrFi
Orc:2 Saint Roka


Message History

You slice Saint Roka!!
Saint Roka is severely wounded.
You hit Saint Roka.
Saint Roka is almost dead.
You block the orc's attack.
Saint Roka invokes the aid of Beogh against you.
Beogh smites you!
24396 ||| READING 2 scrolls of teleportation.
As you read the scroll of teleportation, it crumbles to dust.
You feel strangely unstable. The orc completely misses you.
Saint Roka mumbles some strange prayers to Beogh against you.
Beogh smites you!
24397 ||| DRINKING 9 potions of heal wounds.
You feel much better. The orc barely misses you.
Saint Roka mumbles some strange prayers to Beogh against you.
Beogh smites you!
24398 ||| DRINKING 8 potions of heal wounds.
You feel much better.
Your surroundings suddenly seem different.
Found 99 gold pieces.
Found a stone staircase leading up.
Saint Roka mumbles some strange prayers to Beogh against you.
Beogh smites you!
Enter note:
Enter note:
Enter note:
Enter note:
24399 ||| FLEEEEING.
Saint Roka mumbles some strange prayers to Beogh against you.
Beogh smites you!
24400 ||| FLEEEEING.
24401 ||| FLEEEEING.
24402 ||| FLEEEEING.
24403 ||| FLEEEEING.
There is a stone staircase leading up here.
24404 ||| STAIRDANCE Saint Roka calls down the wrath of Beogh upon you.
Beogh smites you!
You die...

##.##.........
#.............
##............
##.............
##.....#.............
##...................#
#.....................
#..#$.#.......o........#
.......@..........(#..#.
......#.........$..o....
..... .#...........)))..
.... ###########....).)#
... #....#.## ..
#.......# . #.......)
###.....) ##.....


You could see Saint Roka.

Vanquished Creatures
  Jorgrun (Orc:2)
  Rupert (D:12)
  An ironbound preserver (D:13)
  Azrael (D:12)
  Snorg (D:11)
  An ettin (D:11)
  Fannar (Lair:3)
  4 hydras
  3 boulder beetles (D:13)
  An ogre mage (D:15)
  A catoblepas (Lair:4)
  2 death knights
  7 two-headed ogres
  7 centaur warriors
  Erica (D:8)
  3 thrashing horrors (Lair:5)
  7 death yaks
  2 tengu warriors (D:14)
  Urug (Lair:5)
  4 slime creatures (D:12)
  Sonja (Orc:1)
  Amaemon (D:9)
  7 skeletal warriors
  3 wizards (D:15)
  A large abomination (Lair:5)
  A lindwurm (Lair:4)
  3 orc knights
  A necromancer (D:15)
  A phantasmal warrior (D:15)
  16 ugly things
  A deep elf zephyrmancer (D:15)
  4 orc sorcerers
  4 deep elf pyromancers
  2 cyclopes
  4 elephants (Lair:5)
  2 black mambas
  A merfolk siren (Lair:3)
  3 smoke demons (Lair:5)
  A centaur zombie (D:15)
  A torpor snail (Lair:2)
  2 centaur skeletons (D:15)
  3 gargoyles (D:10)
  12 cane toads
  An orange demon (D:9)
  Psyche (D:8)
  13 komodo dragons
  2 unseen horrors (D:11)
  An efreet (D:14)
  4 ancient zymes (Lair:5)
  2 freezing wraiths
  A polar bear (D:15)
  A meliai (shapeshifter) (D:13)
  6 trolls
  A hornet (Lair:4)
  37 blink frogs
  5 dream sheep (Lair:3)
  A meliai zombie (D:15)
  A blink frog (shapeshifter) (D:13)
  A centaur simulacrum (D:15)
  A spriggan (shapeshifter) (Lair:5)
  2 ynoxinuls (Lair:5)
  35 yaks
  7 wraiths
  2 wyverns
  6 basilisks
  2 fire elementals (D:12)
  A chaos spawn (Lair:5)
  2 vampire mosquitoes
  A redback simulacrum (D:15)
  A redback (shapeshifter) (D:13)
  A steam dragon (D:9)
  4 wargs
  4 nagas (Lair:2)
  10 water moccasins
  An acid dragon (D:11)
  3 hell hounds (D:12)
  An ice beast (D:8)
  18 orc warriors
  4 black bears
  7 ogres
  2 sky beasts
  22 wolves
  11 centaurs
  A phantom (D:6)
  3 kobold brigands
  14 small abominations (Lair:5)
  A scorpion (D:10)
  20 bullfrogs
  3 necrophages
  2 cane toad simulacra (Lair:3)
  5 wights (D:7)
  An elephant simulacrum (Lair:3)
  7 killer bees
  5 electric eels
  7 howler monkeys
  4 hounds (D:5)
  11 orc priests
  18 orc wizards
  7 iguanas
  A wolf simulacrum (Lair:3)
  7 adders
  2 white imps
  2 ufetubi
  2 worms (D:3)
  4 dart slugs
  45 orcs
  9 ball pythons
  5 endoplasms
  2 giant cockroaches
  6 goblins
  5 hobgoblins
  5 jackals (D:4)
  20 kobolds
  8 quokkas
  9 bats
  4 frilled lizards
  7 rats
603 creatures vanquished.

Vanquished Creatures (others)
  Erolcha (Orc:2)
  An unseen horror (D:13)
  18 fungi
  46 plants
66 creatures vanquished.

Grand Total: 669 creatures vanquished

Notes
Turn   | Place    | Note
-------+----------+-------------------------------------------
     0 | D:1      | qw the Gargoyle Fighter began the quest for the Orb.
     0 | D:1      | Reached XP level 1. HP: 14/14 MP: 1/1
     0 | D:1      | 0 ||| qw: Version: 0.2-a-17-g06abaee
     0 | D:1      | 0 ||| qw: Game counter: 2326
     0 | D:1      | 0 ||| qw: Always use a shield: true
     0 | D:1      | 0 ||| qw: God list: Okawaru
     0 | D:1      | 0 ||| qw: Allow faded altars: false
     0 | D:1      | 0 ||| qw: Do Orc after D:15 true
     0 | D:1      | 0 ||| qw: Do second Lair branch before Depths: true
     0 | D:1      | 0 ||| qw: Lair rune preference: random
     0 | D:1      | 0 ||| qw: Plans: Normal, Zot:1-4, God:TSO, Crypt, Tomb,
                  | Pan, Slime:5, Hells, Abyss, Orb
     0 | D:1      | 0 ||| PLANNING D:1-11
    64 | D:1      | Reached XP level 2. HP: 19/19 MP: 2/2
    68 | D:1      | Found Ydopp's Book Shoppe.
   134 | D:1      | 134 ||| Stepping ~*~*~tactically~*~*~ (stealth).
   135 | D:1      | 135 ||| Stepping ~*~*~tactically~*~*~ (stealth).
   253 | D:1      | Reached skill level 3 in Axes
   260 | D:1      | Found Kofy's Magic Scroll Emporium.
   269 | D:1      | 269 ||| BUYING scroll of identify (26 gold).
   269 | D:1      | Bought a scroll of identify for 26 gold pieces
   269 | D:1      | 269 ||| SHOPLISTING scroll of teleportation (39 gold, have
                  | 13).
   404 | D:1      | Reached XP level 3. HP: 23/23 MP: 3/3
   741 | D:1      | 741 ||| UPGRADING to +0 plate armour.
   751 | D:1      | 751 ||| DROPPING +0 scale mail.
   752 | D:1      | 752 ||| READING scroll labelled MUT IPRECUO.
   753 | D:1      | 753 ||| READING scroll labelled ZEZAIL KOEDADY.
   754 | D:1      | 754 ||| READING scroll labelled SEUBLE DYXAG ILERGH.
   759 | D:1      | 759 ||| READING scroll labelled BAYTOHA OWOFI.
   760 | D:1      | 760 ||| READING 3 scrolls of identify.
   760 | D:1      | 760 ||| IDENTIFYING amethyst potion
   761 | D:1      | 761 ||| READING 2 scrolls of identify.
   761 | D:1      | 761 ||| IDENTIFYING murky golden potion
   762 | D:1      | 762 ||| DROPPING potion of berserk rage.
   763 | D:1      | 763 ||| DROPPING potion of magic.
   803 | D:2      | 803 ||| Stepping ~*~*~tactically~*~*~ (stealth).
   804 | D:2      | 804 ||| Stepping ~*~*~tactically~*~*~ (stealth).
   836 | D:2      | 836 ||| Stepping ~*~*~tactically~*~*~ (stealth).
   839 | D:2      | 839 ||| Stepping ~*~*~tactically~*~*~ (stealth).
   842 | D:2      | 842 ||| Stepping ~*~*~tactically~*~*~ (stealth).
   843 | D:2      | 843 ||| Stepping ~*~*~tactically~*~*~ (stealth).
   949 | D:2      | Reached XP level 4. HP: 25/28 MP: 4/4
  1378 | D:2      | Identified the +5 halberd of Akasal {flame, *Rage Int+6
                  | Dex+4}
  1502 | D:2      | 1502 ||| READING 3 scrolls labelled TEMUORPH HIHERGH.
  1503 | D:2      | 1503 ||| DROPPING +0 mace.
  1504 | D:2      | 1504 ||| READING 2 scrolls of brand weapon.
  1504 | D:2      | 1504 ||| BRANDING +1 war axe of flaming.
  1505 | D:2      | 1505 ||| READING scroll of brand weapon.
  1505 | D:2      | 1505 ||| BRANDING +1 war axe of protection.
  1506 | D:2      | 1506 ||| READING 2 scrolls of identify.
  1506 | D:2      | 1506 ||| IDENTIFYING fuming emerald potion
  1507 | D:2      | 1507 ||| DROPPING potion of invisibility.
  1564 | D:3      | 1564 ||| Stepping ~*~*~tactically~*~*~ (stealth).
  1568 | D:3      | You fall into a shaft and drop 2 floors!
  1568 | D:5      | Entered Level 5 of the Dungeon
  1592 | D:5      | Found a runed translucent door.
  1593 | D:5      | Noticed Crazy Yiuf
  1614 | D:5      | Found a burning altar of Makhleb.
  1622 | D:5      | Reached XP level 5. HP: 32/32 MP: 5/5
  1648 | D:5      | 1648 ||| Stepping ~*~*~tactically~*~*~ (stealth).
  1658 | D:5      | 1658 ||| Stepping ~*~*~tactically~*~*~ (hiding).
  1783 | D:4      | Found Pemuesu's Antique Weapon Boutique.
  1805 | D:3      | 1805 ||| Stepping ~*~*~tactically~*~*~ (stealth).
  1806 | D:3      | 1806 ||| Stepping ~*~*~tactically~*~*~ (stealth).
  1817 | D:3      | 1817 ||| Stepping ~*~*~tactically~*~*~ (stealth).
  2156 | D:3      | Found Oxacauggo's Vocational Training.
  2224 | D:3      | 2224 ||| Stepping ~*~*~tactically~*~*~ (stealth).
  2448 | D:3      | 2448 ||| DROPPING amulet of faith.
  2449 | D:3      | 2449 ||| READING scroll labelled BUMATT DUPTO.
  2450 | D:3      | 2450 ||| DRINKING 2 fuming yellow potions.
  2451 | D:3      | 2451 ||| DRINKING 2 sedimented cyan potions.
  2541 | D:4      | Found Xub Wyja's Armour Boutique.
  2545 | D:4      | 2545 ||| BUYING +0 helmet (49 gold).
  2545 | D:4      | Bought a +0 helmet for 49 gold pieces
  2545 | D:4      | 2545 ||| SHOPLISTING +3 scale mail of fire resistance (286
                  | gold, have 104).
  2626 | D:4      | 2626 ||| Stepping ~*~*~tactically~*~*~ (stealth).
  2627 | D:4      | 2627 ||| Stepping ~*~*~tactically~*~*~ (stealth).
  2628 | D:4      | 2628 ||| Stepping ~*~*~tactically~*~*~ (stealth).
  2629 | D:4      | 2629 ||| Stepping ~*~*~tactically~*~*~ (stealth).
  2630 | D:4      | 2630 ||| Stepping ~*~*~tactically~*~*~ (stealth).
  2631 | D:4      | 2631 ||| Stepping ~*~*~tactically~*~*~ (stealth).
  2633 | D:4      | 2633 ||| Stepping ~*~*~tactically~*~*~ (stealth).
  2634 | D:4      | 2634 ||| Stepping ~*~*~tactically~*~*~ (stealth).
  2636 | D:4      | 2636 ||| Stepping ~*~*~tactically~*~*~ (stealth).
  2642 | D:4      | Reached XP level 6. HP: 38/38 MP: 6/6
  2643 | D:4      | 2643 ||| Stepping ~*~*~tactically~*~*~ (stealth).
  2645 | D:4      | 2645 ||| Stepping ~*~*~tactically~*~*~ (stealth).
  2646 | D:4      | 2646 ||| Stepping ~*~*~tactically~*~*~ (stealth).
  2648 | D:4      | 2648 ||| Stepping ~*~*~tactically~*~*~ (stealth).
  2649 | D:4      | 2649 ||| Stepping ~*~*~tactically~*~*~ (stealth).
  2649 | D:4      | Noticed a sky beast
  2650 | D:4      | 2650 ||| Stepping ~*~*~tactically~*~*~ (stealth).
  2660 | D:4      | 2660 ||| Stepping ~*~*~tactically~*~*~ (hiding).
  2673 | D:4      | 2673 ||| Stepping ~*~*~tactically~*~*~ (stealth).
  2676 | D:4      | 2676 ||| Stepping ~*~*~tactically~*~*~ (stealth).
  2697 | D:4      | Killed a sky beast
  2712 | D:4      | 2712 ||| Stepping ~*~*~tactically~*~*~ (stealth).
  2713 | D:4      | 2713 ||| Stepping ~*~*~tactically~*~*~ (stealth).
  2744 | D:4      | 2744 ||| Stepping ~*~*~tactically~*~*~ (stealth).
  2745 | D:4      | 2745 ||| Stepping ~*~*~tactically~*~*~ (stealth).
  2751 | D:4      | 2751 ||| Stepping ~*~*~tactically~*~*~ (stealth).
  2930 | D:4      | Found a staircase to the Ecumenical Temple.
  2945 | D:4      | 2945 ||| PLANNING TEMPLE
  2945 | D:4      | 2945 ||| FLEEEEING.
  2946 | D:4      | 2946 ||| FLEEEEING.
  2947 | D:4      | 2947 ||| FLEEEEING.
  2949 | D:4      | 2949 ||| STAIRDANCE
  2951 | D:3      | 2951 ||| UPGRADING to +0 helmet.
  2956 | D:3      | 2956 ||| DROPPING scarf of shadows.
  2957 | D:3      | 2957 ||| READING scroll labelled HEACKU YPLACWU.
  2958 | D:3      | 2958 ||| DRINKING 2 fizzy brown potions.
  3002 | Temple   | Entered the Ecumenical Temple
  3002 | Temple   | Found a transporter.
  3002 | Temple   | Found a transporter.
  3004 | Temple   | Found a transporter.
  3004 | Temple   | Found a transporter.
  3014 | Temple   | 3014 ||| PLANNING D:1-11
  3017 | Temple   | 3017 ||| PLANNING OKAWARU WORSHIP
  3019 | Temple   | Became a worshipper of Warmaster Okawaru
  3020 | Temple   | 3020 ||| PLANNING D:1-11
  3109 | D:4      | Reached skill level 6 in Axes
  3368 | D:5      | 3368 ||| Stepping ~*~*~tactically~*~*~ (hiding).
  3369 | D:5      | 3369 ||| Stepping ~*~*~tactically~*~*~ (hiding).
  3414 | D:5      | Reached XP level 7. HP: 43/43 MP: 7/7
  3556 | D:5      | 3556 ||| Stepping ~*~*~tactically~*~*~ (hiding).
  3569 | D:5      | Reached * piety under Okawaru
  3570 | D:5      | 3570 ||| INVOKING Heroism.
  3766 | D:5      | Reached skill level 1 in Invocations
  4096 | D:5      | 4096 ||| UPGRADING to +0 pair of boots.
  4138 | D:6      | 4138 ||| INVOKING Heroism.
  4147 | D:6      | Reached XP level 8. HP: 22/48 MP: 6/9
  4228 | D:6      | 4228 ||| Stepping ~*~*~tactically~*~*~ (stealth).
  4238 | D:6      | Found a hazy altar of Hepliaklqana.
  4245 | D:6      | 4245 ||| INVOKING Heroism.
  4367 | D:6      | 4367 ||| INVOKING Heroism.
  4368 | D:6      | 4368 ||| Stepping ~*~*~tactically~*~*~ (stealth).
  4369 | D:6      | 4369 ||| Stepping ~*~*~tactically~*~*~ (hiding).
  4370 | D:6      | 4370 ||| Stepping ~*~*~tactically~*~*~ (hiding).
  4377 | D:6      | Reached skill level 3 in Invocations
  4523 | D:6      | Reached skill level 1 in Dodging
  4624 | D:6      | 4624 ||| Stepping ~*~*~tactically~*~*~ (stealth).
  4626 | D:6      | 4626 ||| INVOKING Heroism.
  4629 | D:6      | Reached skill level 1 in Throwing
  4636 | D:6      | 4636 ||| INVOKING Heroism.
  4684 | D:6      | 4684 ||| READING scroll of enchant weapon.
  4684 | D:6      | 4684 ||| ENCHANTING +1 war axe of flaming.
  4819 | D:6      | Reached ** piety under Okawaru
  5255 | D:6      | 5255 ||| UPGRADING to +0 kite shield.
  5265 | D:6      | 5265 ||| DROPPING +0 buckler.
  5266 | D:6      | 5266 ||| UPGRADING to +1 helmet.
  5276 | D:6      | 5276 ||| DROPPING +0 helmet.
  5277 | D:6      | 5277 ||| READING scroll labelled SUAXKIE UJUYB.
  5278 | D:6      | 5278 ||| READING scroll labelled WYTOITA ROGURGH.
  5324 | D:7      | 5324 ||| INVOKING Heroism.
  5410 | D:7      | 5410 ||| INVOKING Heroism.
  5483 | D:7      | 5483 ||| INVOKING Heroism.
  5487 | D:7      | Reached skill level 4 in Shields
  5487 | D:7      | Reached XP level 9. HP: 50/54 MP: 9/12
  5491 | D:7      | Reached skill level 5 in Shields
  5696 | D:7      | Found a runed translucent gate.
  5696 | D:7      | Found a runed translucent gate.
  5698 | D:7      | Found a runed translucent gate.
  5701 | D:7      | Noticed qw's ghost (novice GrFi)
  5701 | D:7      | Noticed qw's ghost (novice GrFi)
  5701 | D:7      | Noticed qw's ghost (novice GrFi)
  5848 | D:7      | 5848 ||| Stepping ~*~*~tactically~*~*~ (stealth).
  5858 | D:7      | Reached skill level 6 in Shields
  5938 | D:7      | Reached skill level 7 in Shields
  5972 | D:7      | Found Neyd's General Store.
  5978 | D:7      | 5978 ||| BUYING +0 tower shield (63 gold).
  5978 | D:7      | Bought a +0 tower shield for 63 gold pieces
  5978 | D:7      | 5978 ||| BUYING potion of heal wounds (70 gold).
  5978 | D:7      | Bought a potion of heal wounds for 70 gold pieces
  5978 | D:7      | 5978 ||| SHOPLISTING ring of fire (350 gold, have 108).
  5978 | D:7      | 5978 ||| BUYING scroll of identify (28 gold).
  5978 | D:7      | Bought a scroll of identify for 28 gold pieces
  5978 | D:7      | 5978 ||| BUYING scroll of identify (28 gold).
  5978 | D:7      | Bought a scroll of identify for 28 gold pieces
  5978 | D:7      | 5978 ||| BUYING scroll of teleportation (42 gold).
  5978 | D:7      | Bought a scroll of teleportation for 42 gold pieces
  6273 | D:7      | 6273 ||| UPGRADING to +0 tower shield.
  6283 | D:7      | 6283 ||| DROPPING +0 kite shield.
  6284 | D:7      | 6284 ||| UPGRADING to +4 ring of protection.
  6285 | D:7      | 6285 ||| DRINKING 2 fuming black potions.
  6286 | D:7      | 6286 ||| READING 3 scrolls of identify.
  6286 | D:7      | 6286 ||| IDENTIFYING viscous yellow potion
  6287 | D:7      | 6287 ||| READING 2 scrolls of identify.
  6287 | D:7      | 6287 ||| IDENTIFYING cyan potion
  6288 | D:7      | 6288 ||| DROPPING potion of brilliance.
  6289 | D:7      | 6289 ||| DROPPING potion of flight.
  6336 | D:8      | Noticed Erica
  6337 | D:8      | 6337 ||| DRINKING potion of curing.
  6337 | D:8      | 6337 ||| (to cure confusion)
  6338 | D:8      | 6338 ||| INVOKING Heroism.
  6352 | D:8      | Killed Erica
  6352 | D:8      | Reached *** piety under Okawaru
  6353 | D:8      | Reached skill level 8 in Shields
  6494 | D:8      | Reached skill level 9 in Shields
  6541 | D:8      | Noticed Psyche
  6542 | D:8      | 6542 ||| INVOKING Heroism.
  6548 | D:8      | Killed Psyche
  6618 | D:8      | 6618 ||| INVOKING Heroism.
  6624 | D:8      | Reached skill level 10 in Shields
  6624 | D:8      | Reached XP level 10. HP: 28/59 MP: 10/13
  6634 | D:8      | Reached skill level 11 in Shields
  6855 | D:8      | 6855 ||| Stepping ~*~*~tactically~*~*~ (hiding).
  6858 | D:8      | 6858 ||| INVOKING Heroism.
  6861 | D:8      | 6861 ||| Stepping ~*~*~tactically~*~*~ (stealth).
  6875 | D:8      | Reached **** piety under Okawaru
  6877 | D:8      | 6877 ||| INVOKING Heroism.
  6885 | D:8      | 6885 ||| Stepping ~*~*~tactically~*~*~ (stealth).
  7046 | D:8      | Found a sacrificial altar of Ru.
  7047 | D:8      | 7047 ||| Stepping ~*~*~tactically~*~*~ (hiding).
  7182 | D:8      | Identified the +1 robe of the Merchant {Rampage rN++ Regen+
                  | Int-3}
  7185 | D:8      | 7185 ||| Stepping ~*~*~tactically~*~*~ (stealth).
  7191 | D:8      | 7191 ||| Stepping ~*~*~tactically~*~*~ (stealth).
  7194 | D:8      | 7194 ||| INVOKING Heroism.
  7220 | D:8      | Reached skill level 6 in Fighting
  7503 | D:8      | 7503 ||| READING 2 scrolls of identify.
  7503 | D:8      | 7503 ||| IDENTIFYING sapphire potion
  7531 | D:9      | Found Kuxtuoh's Magic Scroll Shop.
  7540 | D:9      | 7540 ||| SHOPLISTING 3 scrolls of identify (66 gold, have
                  | 52).
  7540 | D:9      | 7540 ||| SHOPLISTING 3 scrolls of teleportation (99 gold,
                  | have 52).
  7540 | D:9      | 7540 ||| SHOPLISTING scroll of enchant armour (82 gold,
                  | have 52).
  7540 | D:9      | 7540 ||| SHOPLISTING scroll of enchant weapon (82 gold,
                  | have 52).
  7540 | D:9      | 7540 ||| BUYING scroll of teleportation (33 gold).
  7540 | D:9      | Bought a scroll of teleportation for 33 gold pieces
  7609 | D:9      | 7609 ||| Stepping ~*~*~tactically~*~*~ (stealth).
  7613 | D:9      | 7613 ||| INVOKING Heroism.
  7720 | D:9      | 7720 ||| INVOKING Heroism.
  7881 | D:9      | 7881 ||| INVOKING Heroism.
  7906 | D:9      | Reached skill level 9 in Axes
  7906 | D:9      | Reached skill level 6 in Invocations
  7983 | D:9      | Reached XP level 11. HP: 47/64 MP: 15/15
  8108 | D:9      | 8108 ||| Stepping ~*~*~tactically~*~*~ (stealth).
  8128 | D:9      | Reached ***** piety under Okawaru
  8233 | D:9      | 8233 ||| READING scroll of enchant weapon.
  8233 | D:9      | 8233 ||| ENCHANTING +2 war axe of flaming.
  8246 | D:9      | Noticed Amaemon
  8247 | D:9      | 8247 ||| Stepping ~*~*~tactically~*~*~ (hiding).
  8248 | D:9      | 8248 ||| Stepping ~*~*~tactically~*~*~ (hiding).
  8251 | D:9      | 8251 ||| INVOKING Heroism.
  8272 | D:9      | 8272 ||| INVOKING Heroism.
  8278 | D:9      | Killed Amaemon
  8746 | D:9      | 8746 ||| UPGRADING to +0 cloak.
  8751 | D:9      | 8751 ||| READING scroll labelled YNWIMI GOIH.
  8752 | D:9      | 8752 ||| READING 4 scrolls of identify.
  8752 | D:9      | 8752 ||| IDENTIFYING fuming ruby potion
  8796 | D:10     | Entered Level 10 of the Dungeon
  8847 | D:10     | 8847 ||| INVOKING Heroism.
  8941 | D:10     | 8941 ||| INVOKING Heroism.
  8988 | D:10     | 8988 ||| INVOKING Heroism.
  9092 | D:10     | Found an opulent altar of Gozag.
  9187 | D:10     | Noticed a two-headed ogre
  9188 | D:10     | 9188 ||| INVOKING Heroism.
  9196 | D:10     | Killed a two-headed ogre
  9277 | D:10     | 9277 ||| Stepping ~*~*~tactically~*~*~ (hiding).
  9292 | D:10     | Reached skill level 6 in Armour
  9331 | D:10     | Found a bloodstained altar of Trog.
  9333 | D:10     | 9333 ||| INVOKING Heroism.
  9515 | D:10     | 9515 ||| Stepping ~*~*~tactically~*~*~ (stealth).
  9517 | D:10     | 9517 ||| Stepping ~*~*~tactically~*~*~ (hiding).
  9519 | D:10     | 9519 ||| INVOKING Heroism.
  9528 | D:10     | Reached skill level 12 in Shields
  9585 | D:10     | 9585 ||| Stepping ~*~*~tactically~*~*~ (hiding).
  9587 | D:10     | 9587 ||| Stepping ~*~*~tactically~*~*~ (hiding).
  9589 | D:10     | 9589 ||| Stepping ~*~*~tactically~*~*~ (hiding).
  9590 | D:10     | 9590 ||| Stepping ~*~*~tactically~*~*~ (hiding).
  9592 | D:10     | 9592 ||| Stepping ~*~*~tactically~*~*~ (hiding).
  9714 | D:10     | 9714 ||| UPGRADING to +2 plate armour of fire resistance.
  9724 | D:10     | 9724 ||| DROPPING +0 plate armour.
  9725 | D:10     | 9725 ||| UPGRADING to ring of protection from fire.
  9750 | D:11     | Noticed a two-headed ogre
  9751 | D:11     | 9751 ||| INVOKING Heroism.
  9755 | D:11     | Killed a two-headed ogre
  9755 | D:11     | Received a gift from Okawaru
  9756 | D:11     | Reached skill level 9 in Invocations
 10214 | D:11     | 10214 ||| INVOKING Heroism.
 10217 | D:11     | Noticed an ettin
 10218 | D:11     | 10218 ||| INVOKING Finesse.
 10227 | D:11     | 10227 ||| Stepping ~*~*~tactically~*~*~ (water).
 10236 | D:11     | Killed an ettin
 10274 | D:11     | Noticed a two-headed ogre
 10275 | D:11     | 10275 ||| INVOKING Heroism.
 10283 | D:11     | Reached XP level 12. HP: 54/72 MP: 17/19
 10287 | D:11     | Killed a two-headed ogre
 10379 | D:11     | 10379 ||| Stepping ~*~*~tactically~*~*~ (stealth).
 10438 | D:11     | Noticed Snorg
 10439 | D:11     | 10439 ||| INVOKING Heroism.
 10440 | D:11     | 10440 ||| INVOKING Finesse.
 10443 | D:11     | 10443 ||| Stepping ~*~*~tactically~*~*~ (hiding).
 10455 | D:11     | Killed Snorg
 10455 | D:11     | Identified the +3 buckler of Words of Power {rElec}
                  | (Okawaru gifted it to you on level 11 of the Dungeon)
 10455 | D:11     | Received a gift from Okawaru
 10667 | D:11     | Found a staircase to the Orcish Mines.
 10747 | D:11     | Found a staircase to the Lair.
 10749 | D:11     | 10749 ||| INVOKING Heroism.
 10979 | D:11     | 10979 ||| Stepping ~*~*~tactically~*~*~ (hiding).
 11124 | D:11     | 11124 ||| Stepping ~*~*~tactically~*~*~ (hiding).
 11325 | D:11     | 11325 ||| Stepping ~*~*~tactically~*~*~ (hiding).
 11603 | D:11     | 11603 ||| UPGRADING to amulet of the acrobat.
 11693 | D:11     | 11693 ||| PLANNING LAIR
 11750 | Lair:1   | Entered Level 1 of the Lair of Beasts
 11759 | Lair:1   | 11759 ||| Stepping ~*~*~tactically~*~*~ (stealth).
 11761 | Lair:1   | 11761 ||| INVOKING Heroism.
 11764 | Lair:1   | 11764 ||| Stepping ~*~*~tactically~*~*~ (stealth).
 11769 | Lair:1   | 11769 ||| Stepping ~*~*~tactically~*~*~ (stealth).
 11783 | Lair:1   | 11783 ||| INVOKING Heroism.
 11831 | Lair:1   | 11831 ||| INVOKING Heroism.
 11870 | Lair:1   | 11870 ||| Stepping ~*~*~tactically~*~*~ (stealth).
 11871 | Lair:1   | 11871 ||| Stepping ~*~*~tactically~*~*~ (stealth).
 11873 | Lair:1   | 11873 ||| INVOKING Heroism.
 11900 | Lair:1   | Reached skill level 13 in Shields
 12195 | Lair:1   | 12195 ||| Stepping ~*~*~tactically~*~*~ (stealth).
 12196 | Lair:1   | 12196 ||| INVOKING Heroism.
 12499 | Lair:1   | 12499 ||| INVOKING Heroism.
 12678 | Lair:1   | 12678 ||| READING scroll labelled BIHUOW TEWOW.
 12679 | Lair:1   | 12679 ||| READING 2 scrolls labelled DOEDULAIMI.
 12680 | Lair:1   | 12680 ||| READING scroll of enchant armour.
 12680 | Lair:1   | 12680 ||| ENCHANTING +2 plate armour of fire resistance.
 12824 | Lair:2   | 12824 ||| Stepping ~*~*~tactically~*~*~ (stealth).
 12825 | Lair:2   | 12825 ||| Stepping ~*~*~tactically~*~*~ (stealth).
 12827 | Lair:2   | 12827 ||| Stepping ~*~*~tactically~*~*~ (stealth).
 12829 | Lair:2   | 12829 ||| INVOKING Heroism.
 12833 | Lair:2   | Noticed a death yak
 12834 | Lair:2   | 12834 ||| INVOKING Finesse.
 12839 | Lair:2   | Noticed a death yak
 12858 | Lair:2   | Killed a death yak
 12859 | Lair:2   | Killed a death yak
 12995 | Lair:2   | Found a staircase to the Snake Pit.
 12996 | Lair:2   | 12996 ||| Stepping ~*~*~tactically~*~*~ (hiding).
 13007 | Lair:2   | 13007 ||| INVOKING Heroism.
 13011 | Lair:2   | Reached skill level 3 in Throwing
 13014 | Lair:2   | Identified the +1 plate armour of Experimentation {+Inv
                  | rPois rCorr Str-3} (Okawaru gifted it to you on level 2 of
                  | the Lair of Beasts)
 13014 | Lair:2   | Received a gift from Okawaru
 13019 | Lair:2   | Reached XP level 13. HP: 51/78 MP: 18/20
 13117 | Lair:2   | 13117 ||| INVOKING Heroism.
 13676 | Lair:2   | 13676 ||| READING 3 scrolls of identify.
 13676 | Lair:2   | 13676 ||| IDENTIFYING bubbling amethyst potion
 13677 | Lair:2   | 13677 ||| DROPPING potion of degeneration.
 13707 | Lair:3   | 13707 ||| INVOKING Heroism.
 13709 | Lair:3   | 13709 ||| STAIRDANCE
 13729 | Lair:3   | 13729 ||| STAIRDANCE
 13760 | Lair:3   | 13760 ||| STAIRDANCE
 13818 | Lair:3   | 13818 ||| STAIRDANCE
 13887 | Lair:3   | Found a frozen archway.
 13889 | Lair:3   | 13889 ||| Stepping ~*~*~tactically~*~*~ (stealth).
 13892 | Lair:3   | 13892 ||| Stepping ~*~*~tactically~*~*~ (stealth).
 13915 | Lair:3   | 13915 ||| Stepping ~*~*~tactically~*~*~ (stealth).
 13916 | Lair:3   | 13916 ||| FLEEEEING.
 13917 | Lair:3   | 13917 ||| FLEEEEING.
 13918 | Lair:3   | 13918 ||| FLEEEEING.
 13919 | Lair:3   | 13919 ||| FLEEEEING.
 13923 | Lair:3   | 13923 ||| FLEEEEING.
 13924 | Lair:3   | 13924 ||| FLEEEEING.
 13926 | Lair:3   | 13926 ||| STAIRDANCE
 13986 | Lair:3   | 13986 ||| Stepping ~*~*~tactically~*~*~ (stealth).
 13988 | Lair:3   | 13988 ||| INVOKING Heroism.
 13996 | Lair:3   | Reached skill level 9 in Fighting
 14081 | Lair:3   | 14081 ||| Stepping ~*~*~tactically~*~*~ (stealth).
 14083 | Lair:3   | 14083 ||| Stepping ~*~*~tactically~*~*~ (stealth).
 14097 | Lair:3   | 14097 ||| Stepping ~*~*~tactically~*~*~ (stealth).
 14162 | Lair:3   | 14162 ||| INVOKING Heroism.
 14172 | Lair:3   | Reached skill level 14 in Shields
 14192 | Lair:3   | Noticed Fannar
 14208 | Lair:3   | Killed Fannar
 14319 | Lair:3   | 14319 ||| Stepping ~*~*~tactically~*~*~ (stealth).
 14354 | Lair:3   | 14354 ||| Stepping ~*~*~tactically~*~*~ (hiding).
 14415 | Lair:3   | 14415 ||| INVOKING Heroism.
 14690 | Lair:3   | Found a staircase to the Shoals.
 15114 | Lair:4   | 15114 ||| STAIRDANCE
 15127 | Lair:4   | 15127 ||| INVOKING Heroism.
 15218 | Lair:4   | 15218 ||| Stepping ~*~*~tactically~*~*~ (stealth).
 15220 | Lair:4   | 15220 ||| Stepping ~*~*~tactically~*~*~ (hiding).
 15224 | Lair:4   | 15224 ||| Stepping ~*~*~tactically~*~*~ (hiding).
 15401 | Lair:4   | 15401 ||| INVOKING Heroism.
 15466 | Lair:4   | 15466 ||| INVOKING Heroism.
 15501 | Lair:4   | 15501 ||| INVOKING Heroism.
 15507 | Lair:4   | Reached skill level 12 in Axes
 15594 | Lair:4   | 15594 ||| INVOKING Heroism.
 15664 | Lair:4   | 15664 ||| INVOKING Heroism.
 15672 | Lair:4   | Received a gift from Okawaru
 15673 | Lair:4   | Reached skill level 9 in Armour
 15736 | Lair:4   | 15736 ||| INVOKING Heroism.
 15910 | Lair:4   | 15910 ||| INVOKING Heroism.
 15942 | Lair:4   | 15942 ||| INVOKING Heroism.
 15943 | Lair:4   | 15943 ||| Stepping ~*~*~tactically~*~*~ (stealth).
 15947 | Lair:4   | 15947 ||| INVOKING Finesse.
 15948 | Lair:4   | 15948 ||| Stepping ~*~*~tactically~*~*~ (stealth).
 15955 | Lair:4   | 15955 ||| Stepping ~*~*~tactically~*~*~ (hiding).
 16419 | Lair:4   | Found a viscous altar of Jiyva.
 16419 | Lair:4   | Found a staircase to the Slime Pits.
 16564 | Lair:4   | 16564 ||| UPGRADING to +4 ring of evasion.
 16566 | Lair:4   | 16566 ||| READING scroll labelled LEUCRO FAVUO.
 16584 | Lair:5   | Entered Level 5 of the Lair of Beasts
 16618 | Lair:5   | 16618 ||| INVOKING Heroism.
 16624 | Lair:5   | 16624 ||| Stepping ~*~*~tactically~*~*~ (stealth).
 16624 | Lair:5   | Found a runed translucent door.
 16624 | Lair:5   | Found a shimmering altar of Xom.
 16624 | Lair:5   | Noticed qw's ghost (journeyman GrFi)
 16625 | Lair:5   | 16625 ||| Stepping ~*~*~tactically~*~*~ (stealth).
 16626 | Lair:5   | 16626 ||| Stepping ~*~*~tactically~*~*~ (stealth).
 16631 | Lair:5   | Gained mutation: Your large and strong wings let you fly.
                  | [Gargoyle growth]
 16631 | Lair:5   | Reached XP level 14. HP: 88/88 MP: 19/21
 16640 | Lair:5   | Identified the +1 plate armour of Awe {Harm rC+} (Okawaru
                  | gifted it to you on level 5 of the Lair of Beasts)
 16640 | Lair:5   | Received a gift from Okawaru
 16762 | Lair:5   | Noticed Urug
 16763 | Lair:5   | 16763 ||| INVOKING Heroism.
 16764 | Lair:5   | 16764 ||| INVOKING Finesse.
 16777 | Lair:5   | Killed Urug
 16887 | Lair:5   | 16887 ||| Stepping ~*~*~tactically~*~*~ (stealth).
 16889 | Lair:5   | 16889 ||| Stepping ~*~*~tactically~*~*~ (stealth).
 16890 | Lair:5   | 16890 ||| INVOKING Heroism.
 17077 | Lair:5   | Identified the +4 glaive "Getoav" {chaos, rPois Will+++
                  | Dex-2 Stlth+}
 17113 | Lair:5   | 17113 ||| INVOKING Heroism.
 17385 | Lair:5   | 17385 ||| Stepping ~*~*~tactically~*~*~ (stealth).
 17391 | Lair:5   | 17391 ||| INVOKING Heroism.
 17394 | Lair:5   | 17394 ||| Stepping ~*~*~tactically~*~*~ (stealth).
 17397 | Lair:5   | Reached skill level 15 in Shields
 17444 | Lair:5   | 17444 ||| Stepping ~*~*~tactically~*~*~ (hiding).
 17445 | Lair:5   | 17445 ||| Stepping ~*~*~tactically~*~*~ (hiding).
 17446 | Lair:5   | 17446 ||| Stepping ~*~*~tactically~*~*~ (hiding).
 17448 | Lair:5   | 17448 ||| Stepping ~*~*~tactically~*~*~ (hiding).
 17504 | Lair:5   | 17504 ||| Stepping ~*~*~tactically~*~*~ (stealth).
 17509 | Lair:5   | 17509 ||| INVOKING Heroism.
 17542 | Lair:5   | 17542 ||| Stepping ~*~*~tactically~*~*~ (hiding).
 17587 | Lair:5   | 17587 ||| Stepping ~*~*~tactically~*~*~ (stealth).
 17588 | Lair:5   | 17588 ||| Stepping ~*~*~tactically~*~*~ (stealth).
 17732 | Lair:5   | 17732 ||| Stepping ~*~*~tactically~*~*~ (stealth).
 17738 | Lair:5   | 17738 ||| Stepping ~*~*~tactically~*~*~ (stealth).
 17744 | Lair:5   | 17744 ||| INVOKING Heroism.
 17766 | Lair:5   | Identified the +2 pair of gloves of Polish {Harm rC+ Dex-5}
                  | (Okawaru gifted it to you on level 5 of the Lair of Beasts)
 17766 | Lair:5   | Received a gift from Okawaru
 17809 | Lair:5   | 17809 ||| Stepping ~*~*~tactically~*~*~ (stealth).
 17829 | Lair:5   | 17829 ||| Stepping ~*~*~tactically~*~*~ (stealth).
 17848 | Lair:5   | 17848 ||| Stepping ~*~*~tactically~*~*~ (stealth).
 17857 | Lair:5   | 17857 ||| Stepping ~*~*~tactically~*~*~ (stealth).
 17892 | Lair:5   | 17892 ||| Stepping ~*~*~tactically~*~*~ (hiding).
 17895 | Lair:5   | 17895 ||| Stepping ~*~*~tactically~*~*~ (stealth).
 17941 | Lair:5   | 17941 ||| INVOKING Heroism.
 18072 | Lair:5   | 18072 ||| Stepping ~*~*~tactically~*~*~ (stealth).
 18074 | Lair:5   | 18074 ||| Stepping ~*~*~tactically~*~*~ (hiding).
 18141 | Lair:5   | 18141 ||| Stepping ~*~*~tactically~*~*~ (hiding).
 18142 | Lair:5   | 18142 ||| Stepping ~*~*~tactically~*~*~ (hiding).
 18143 | Lair:5   | 18143 ||| Stepping ~*~*~tactically~*~*~ (hiding).
 18144 | Lair:5   | 18144 ||| INVOKING Heroism.
 18177 | Lair:5   | 18177 ||| Stepping ~*~*~tactically~*~*~ (stealth).
 18269 | Lair:5   | Found a corrupted altar of Lugonu.
 18269 | Lair:5   | Found a one-way gate to the infinite horrors of the Abyss.
 18437 | Lair:5   | 18437 ||| PLANNING D
 18437 | Lair:5   | 18437 ||| DROPPING +1 plate armour of Awe {Harm rC+}.
 18438 | Lair:5   | 18438 ||| READING 7 scrolls of identify.
 18438 | Lair:5   | 18438 ||| IDENTIFYING bubbling grey potion
 18660 | D:12     | 18660 ||| INVOKING Heroism.
 18967 | D:12     | Noticed Rupert
 18968 | D:12     | 18968 ||| INVOKING Heroism.
 18970 | D:12     | 18970 ||| INVOKING Finesse.
 18981 | D:12     | HP: 18/88 [Rupert/+5 executioner's axe of venom (22)]
 18982 | D:12     | 18982 ||| READING 6 scrolls of teleportation.
 18983 | D:12     | 18983 ||| DRINKING 10 potions of heal wounds.
 18986 | D:12     | Killed Rupert
 19123 | D:12     | 19123 ||| READING scroll of enchant armour.
 19123 | D:12     | 19123 ||| ENCHANTING +3 plate armour of fire resistance.
 19155 | D:12     | Noticed Azrael
 19156 | D:12     | 19156 ||| INVOKING Heroism.
 19157 | D:12     | 19157 ||| INVOKING Finesse.
 19188 | D:12     | Killed Azrael
 19519 | D:12     | 19519 ||| INVOKING Heroism.
 19522 | D:12     | 19522 ||| READING 5 scrolls of teleportation.
 19571 | D:12     | 19571 ||| Stepping ~*~*~tactically~*~*~ (stealth).
 19576 | D:12     | 19576 ||| INVOKING Heroism.
 19577 | D:12     | 19577 ||| Stepping ~*~*~tactically~*~*~ (stealth).
 19583 | D:12     | 19583 ||| READING 4 scrolls of teleportation.
 19606 | D:12     | Reached XP level 15. HP: 93/93 MP: 22/22
 19793 | D:13     | 19793 ||| READING scroll of brand weapon.
 19793 | D:13     | 19793 ||| BRANDING +3 war axe of flaming.
 19805 | D:13     | 19805 ||| Stepping ~*~*~tactically~*~*~ (hiding).
 20050 | D:13     | 20050 ||| INVOKING Heroism.
 20103 | D:13     | Found a runed translucent gate.
 20104 | D:13     | Found a runed translucent gate.
 20105 | D:13     | Found a runed translucent gate.
 20207 | D:13     | 20207 ||| READING scroll of enchant weapon.
 20207 | D:13     | 20207 ||| ENCHANTING +3 vorpal war axe.
 20458 | D:13     | 20458 ||| Stepping randomly (stuck).
 20465 | D:13     | 20465 ||| Stepping ~*~*~tactically~*~*~ (stealth).
 20467 | D:13     | 20467 ||| Stepping ~*~*~tactically~*~*~ (stealth).
 20469 | D:13     | 20469 ||| Stepping ~*~*~tactically~*~*~ (hiding).
 20474 | D:13     | 20474 ||| INVOKING Heroism.
 20477 | D:13     | Received a gift from Okawaru
 20557 | D:13     | 20557 ||| Stepping ~*~*~tactically~*~*~ (hiding).
 20674 | D:13     | Found a gate to the Vaults.
 20692 | D:13     | 20692 ||| INVOKING Heroism.
 20697 | D:13     | Reached skill level 16 in Shields
 20830 | D:13     | Identified the +9 scale mail "Japorchu" {-Cast rPois rF+
                  | Will+++ Stlth+} (Okawaru gifted it to you on level 13 of
                  | the Dungeon)
 20830 | D:13     | Received a gift from Okawaru
 20832 | D:13     | 20832 ||| INVOKING Heroism.
 20970 | D:13     | Noticed Iplucs's ghost (journeyman FeBe)
 21206 | D:13     | 21206 ||| UPGRADING to +9 scale mail "Japorchu" {-Cast
                  | rPois rF+ Will+++ Stlth+}.
 21216 | D:13     | 21216 ||| READING scroll labelled JYEZON SYXUTYN.
 21333 | D:14     | 21333 ||| READING scroll of enchant weapon.
 21333 | D:14     | 21333 ||| ENCHANTING +4 vorpal war axe.
 21443 | D:14     | 21443 ||| INVOKING Heroism.
 21459 | D:14     | Reached skill level 3 in Dodging
 21463 | D:14     | HP: 19/94 [death knight/+4 battleaxe (10)]
 21464 | D:14     | 21464 ||| READING 3 scrolls of teleportation.
 21465 | D:14     | 21465 ||| DRINKING 10 potions of heal wounds.
 21806 | D:14     | Identified the +1 ring mail of Asteubyt {rPois rCorr Str+7
                  | Stlth+}
 21808 | D:14     | 21808 ||| Stepping ~*~*~tactically~*~*~ (hiding).
 21829 | D:14     | 21829 ||| Stepping ~*~*~tactically~*~*~ (stealth).
 21831 | D:14     | 21831 ||| Stepping ~*~*~tactically~*~*~ (stealth).
 21833 | D:14     | 21833 ||| Stepping ~*~*~tactically~*~*~ (hiding).
 21840 | D:14     | 21840 ||| INVOKING Heroism.
 21904 | D:14     | 21904 ||| INVOKING Heroism.
 22130 | D:14     | 22130 ||| INVOKING Heroism.
 22365 | D:15     | Entered Level 15 of the Dungeon
 22373 | D:15     | 22373 ||| INVOKING Heroism.
 22400 | D:15     | 22400 ||| Stepping ~*~*~tactically~*~*~ (stealth).
 22403 | D:15     | 22403 ||| INVOKING Heroism.
 22674 | D:15     | Noticed Uwkoecio's ghost (journeyman HOFi)
 22674 | D:15     | Noticed a cacodemon
 22675 | D:15     | Found a transporter.
 22675 | D:15     | Found a transporter.
 22681 | D:15     | Noticed a cacodemon
 22682 | D:15     | Noticed a tentacled starspawn
 22683 | D:15     | 22683 ||| Stepping ~*~*~tactically~*~*~ (hiding).
 22685 | D:15     | 22685 ||| Stepping ~*~*~tactically~*~*~ (hiding).
 22688 | D:15     | 22688 ||| INVOKING Heroism.
 22694 | D:15     | Reached skill level 15 in Axes
 22702 | D:15     | Received a gift from Okawaru
 22717 | D:15     | 22717 ||| SWAPPING to +2 vorpal broad axe.
 22718 | D:15     | 22718 ||| DROPPING +5 vorpal war axe.
 22788 | D:15     | Noticed a tentacled starspawn
 22791 | D:15     | Noticed a daeva
 22816 | D:15     | Reached skill level 6 in Throwing
 22832 | D:15     | 22832 ||| INVOKING Heroism.
 22833 | D:15     | 22833 ||| Stepping ~*~*~tactically~*~*~ (hiding).
 22843 | D:15     | Reached skill level 12 in Fighting
 22856 | D:15     | 22856 ||| Stepping ~*~*~tactically~*~*~ (stealth).
 22872 | D:15     | 22872 ||| Stepping ~*~*~tactically~*~*~ (stealth).
 22900 | D:15     | Found a staircase to the Depths.
 22908 | D:15     | 22908 ||| READING scroll of enchant weapon.
 22908 | D:15     | 22908 ||| ENCHANTING +2 vorpal broad axe.
 22927 | D:15     | 22927 ||| INVOKING Heroism.
 22929 | D:15     | 22929 ||| Stepping ~*~*~tactically~*~*~ (stealth).
 22957 | D:15     | 22957 ||| INVOKING Heroism.
 22969 | D:15     | Reached XP level 16. HP: 101/101 MP: 21/23
 23008 | D:15     | 23008 ||| Stepping ~*~*~tactically~*~*~ (stealth).
 23481 | D:15     | Found a shadowy altar of Dithmenos.
 23540 | D:15     | 23540 ||| PLANNING ORC
 23654 | Orc:1    | Entered Level 1 of the Orcish Mines
 23655 | Orc:1    | 23655 ||| INVOKING Heroism.
 23713 | Orc:1    | 23713 ||| INVOKING Heroism.
 23925 | Orc:2    | Entered Level 2 of the Orcish Mines
 23926 | Orc:2    | 23926 ||| STAIRDANCE
 23928 | Orc:1    | 23928 ||| INVOKING Heroism.
 23968 | Orc:2    | 23968 ||| STAIRDANCE
 23976 | Orc:2    | 23976 ||| STAIRDANCE
 23985 | Orc:2    | 23985 ||| INVOKING Heroism.
 23985 | Orc:2    | Noticed Sonja
 23986 | Orc:2    | 23986 ||| INVOKING Finesse.
 23987 | Orc:2    | 23987 ||| STAIRDANCE
 23992 | Orc:2    | 23992 ||| STAIRDANCE
 23994 | Orc:1    | Killed Sonja
 24029 | Orc:2    | 24029 ||| INVOKING Heroism.
 24110 | Orc:2    | Noticed Erolcha
 24114 | Orc:2    | 24114 ||| Stepping ~*~*~tactically~*~*~ (stealth).
 24116 | Orc:2    | Noticed Jorgrun
 24117 | Orc:2    | 24117 ||| Stepping ~*~*~tactically~*~*~ (hiding).
 24118 | Orc:2    | 24118 ||| Stepping ~*~*~tactically~*~*~ (hiding).
 24119 | Orc:2    | 24119 ||| Stepping ~*~*~tactically~*~*~ (hiding).
 24120 | Orc:2    | 24120 ||| Stepping ~*~*~tactically~*~*~ (hiding).
 24121 | Orc:2    | 24121 ||| INVOKING Heroism.
 24122 | Orc:2    | 24122 ||| INVOKING Finesse.
 24124 | Orc:2    | Found a staircase to the Elven Halls.
 24126 | Orc:2    | Killed Erolcha
 24143 | Orc:2    | Killed Jorgrun
 24143 | Orc:2    | Received a gift from Okawaru
 24338 | Orc:2    | 24338 ||| Stepping ~*~*~tactically~*~*~ (hiding).
 24355 | Orc:2    | 24355 ||| Stepping ~*~*~tactically~*~*~ (stealth).
 24362 | Orc:2    | Noticed Saint Roka
 24363 | Orc:2    | 24363 ||| INVOKING Heroism.
 24364 | Orc:2    | 24364 ||| INVOKING Finesse.
 24395 | Orc:2    | HP: 25/101 [Saint Roka/divine providence (11)]
 24396 | Orc:2    | 24396 ||| READING 2 scrolls of teleportation.
 24397 | Orc:2    | 24397 ||| DRINKING 9 potions of heal wounds.
 24398 | Orc:2    | 24398 ||| DRINKING 8 potions of heal wounds.
 24399 | Orc:2    | 24399 ||| FLEEEEING.
 24399 | Orc:2    | HP: 10/101 [Saint Roka/divine providence (15)]
 24400 | Orc:2    | 24400 ||| FLEEEEING.
 24401 | Orc:2    | 24401 ||| FLEEEEING.
 24402 | Orc:2    | 24402 ||| FLEEEEING.
 24403 | Orc:2    | 24403 ||| FLEEEEING.
 24404 | Orc:2    | 24404 ||| STAIRDANCE
 24404 | Orc:2    | Killed from afar by Saint Roka

Levels and vault maps discovered:
D:1:      minmay_arrival_radiant_lines, layout_basic, serial_shops,
          nicolae_square_shop, shop, minmay_surrounded
D:2:      layout_loops_ring, minmay_crystal_room
D:3:      cheibrodos_old_hovel, layout_basic, nicolae_shop_vocational
D:4:      layout_basic, minmay_temple_entry_stoned_glass, serial_shops,
          nicolae_shop_stone, hangedman_decor_push, nicolae_stop_n_shop_2,
          kennysheep_flooded_box, st_stairs_8
D:5:      layout_loops_ring, makhleb_heckhound_becter, uniq_crazy_yiuf_cottage
D:6:      layout_basic, kennysheep_mini_moat, kennysheep_generic_room_10
D:7:      wander_river, layout_basic, serial_shops, shop,
          gammafunk_ghost_cemetery, minmay_holes, minmay_hedge_maze,
          serial_bayou_pond_a, minivault_19
D:8:      layout_basic, mainiacjoe_overflow_surrounded_room, uniq_psyche,
          uniq_erica
D:9:      layout_long_grid, serial_shops, shop, uniq_amaemon
D:10:     layout_roguey, trog_butcher_becter, grunt_gozag_breadcrumbs
D:11:     nzn_winding_woodlands_cross [nzn_winding_woodlands_5x15_split_checker,
          nzn_winding_woodlands_5x15_pockets,
          nzn_winding_woodlands_5x15_default, nzn_winding_woodlands_5x15_zeroes,
          nzn_winding_woodlands_15x15_eel_pit], layout_layer_cave,
          david_lair_shrubbed, uniq_snorg
D:12:     layout_loops_ring, fungi_pond_lemuel, abandoned_shop,
          minmay_misc_feat_more_columns, uniq_azrael, uniq_rupert
D:13:     layout_stronghold, skrybe_vaults_entry_preservation,
          maelrawn_ghost_gauntlet_escape
D:14:     layout_irregular_city
D:15:     grunt_enter_depths_magical_seal, layout_long_grid,
          gammafunk_ghost_abyssal_escape, serial_ice, serial_ice_l,
          serial_ice_o, serial_ice_n, serial_ice_h, kennysheep_pointless_box,
          abandoned_shop, roderic_serpentine_path,
          nicolae_dithmenos_the_darkroom
Temple:   hellmonk_temple_divided_pantheon
Lair:1:   layout_chaotic_city
Lair:2:   layout_small_grid, guppyfry_snake_entry_garden
Lair:3:   layout_small_grid, minmay_shoals_entry_lonely_mermaid,
          portal_ice_cave_entry_ice_simulacra, uniq_fannar
Lair:4:   cheibrodos_lair_overgrown_chateau, layout_cave_pods,
          dpeg_slime_entry_enclosed
Lair:5:   hellmonk_lair_end_abyssal_woods, layout_long_grid, ebering_ghost_xom,
          uniq_urug
Orc:1:    layout_caves, basic_altar, uniq_maurice
Orc:2:    st_orc_congregation, layout_caves, uniq_saint_roka, uniq_sonja,
          uniq_erolcha, uniq_jorgrun

Skill      XL: |  1  2  3  4  5  6  7  8  9 10 11 12 13 14 15 |
---------------+----------------------------------------------+-----
Axes           | 2 3 4 5 6 7 9 11 12 14 15 | 15.7
Fighting       | 4 5 6 7 8 10 12 | 12.0
Armour         | 4 5 6 8 9 10 | 10.0
Invocations    | 2 4 6 9 10 | 10.1
Dodging        | 1 2 3 |  3.1
Throwing       | 2 3 4 6 |  6.0
Shields        | 4 10 11 12 13 14 15 16 | 16.3

Action                   |  1- 3 |  4- 6 |  7- 9 | 10-12 | 13-15 | 16-18 || total
-------------------------+-------+-------+-------+-------+-------+-------++-------
Melee: War axe           |   131 |   153 |   189 |   580 |  1109 |       ||  2162
       Broad axe         |       |       |       |       |    61 |   154 ||   215
Throw: Boomerang         |       |     9 |    23 |    63 |    76 |     4 ||   175
       Javelin           |       |       |    18 |    16 |   104 |    13 ||   151
Invok: Heroism           |       |       |    12 |    27 |    42 |     7 ||    88
       Finesse           |       |       |       |     3 |     4 |     3 ||    10
  Use: Scroll            |     6 |     6 |     5 |     7 |    13 |     1 ||    38
       Potion            |       |     3 |     2 |       |     2 |     2 ||     9
Armor: Scale mail        |    64 |       |       |       |   119 |    43 ||   226
       Plate armour      |    27 |   108 |   102 |   336 |   350 |       ||   923
Dodge: Dodged            |    56 |    34 |    42 |    98 |   298 |    45 ||   573
Block: Buckler           |    21 |    19 |    21 |       |       |       ||    61
       Kite shield       |       |       |    35 |       |       |       ||    35
       Tower shield      |       |       |    16 |   529 |  1000 |   103 ||  1648

Table legend:
 A = Non-vault XP
 B = Vault XP
 C = Vault XP percentage of total XP
 D = Non-vault monster count
 E = Vault monster count
 F = Vault count percentage of total count
                 A         B        C        D         E       F
            +---------+---------+-------+---------+---------+-------
      Total |   92620 |   45292 |  32.8 |     462 |     141 |  23.4
            +---------+---------+-------+---------+---------+-------
        D:1 |      44 |      10 |  18.5 |      27 |       5 |  15.6
        D:2 |      52 |       0 |   0.0 |      16 |       0 |   0.0
        D:3 |      44 |       1 |   2.2 |      17 |       1 |   5.6
        D:4 |     351 |       3 |   0.8 |      16 |       1 |   5.9
        D:5 |     549 |      43 |   7.3 |      18 |       1 |   5.3
        D:6 |     946 |     159 |  14.4 |      22 |       1 |   4.3
        D:7 |     983 |       0 |   0.0 |      19 |       0 |   0.0
        D:8 |    2319 |    1204 |  34.2 |      24 |       2 |   7.7
        D:9 |    3382 |    1172 |  25.7 |      24 |       2 |   7.7
       D:10 |    3635 |     287 |   7.3 |      21 |       4 |  16.0
       D:11 |    2453 |    4714 |  65.8 |      12 |      13 |  52.0
       D:12 |    6100 |    3582 |  37.0 |      13 |       7 |  35.0
       D:13 |    5188 |    5223 |  50.2 |       9 |       9 |  50.0
       D:14 |   14311 |       0 |   0.0 |      26 |       0 |   0.0
       D:15 |   12583 |    5407 |  30.1 |      28 |      14 |  33.3
     Lair:1 |    5903 |       0 |   0.0 |      26 |       0 |   0.0
     Lair:2 |    6010 |     640 |   9.6 |      23 |       4 |  14.8
     Lair:3 |    4643 |    1591 |  25.5 |      22 |       6 |  21.4
     Lair:4 |    7654 |    4828 |  38.7 |      18 |      17 |  48.6
     Lair:5 |   10026 |   13317 |  57.0 |      31 |      45 |  59.2
      Orc:1 |    2585 |     772 |  23.0 |      29 |       1 |   3.3
      Orc:2 |    2859 |    2339 |  45.0 |      21 |       8 |  27.6
            +---------+---------+-------+---------+---------+-------
